 Dungeon Crawl Stone Soup version 0.26.1 (webtiles) character file.

Game seed: 3452430417080237780

4762 BOMJPIETVODKU the Shield-Bearer (level 10, -14/77 HPs)
             Began as a Demonspawn Fighter on Feb 5, 2021.
             Was an Initiate of Gozag.
             Demolished by a white ugly thing (22 damage)
             ... on level 8 of the Dungeon.
             The game lasted 00:21:09 (9890 turns).

BOMJPIETVODKU the Shield-Bearer (DsFi)              Turns: 9890, Time: 00:21:12

Health: -14/77     AC: 26    Str: 17    XL:     10   Next: 23%
Magic:  0/10       EV: 12    Int: 10    God:    Gozag
Gold:   1220       SH: 10    Dex: 13    Spells: 9/9 levels left

rFire    + + .     SeeInvis .   f - +4 short sword
rCold    . . .     Faith    .   c - +0 kite shield
rNeg     . . .     Spirit   +   z - +10 chain mail "Himury" {+Blink rElec rF+ Str-2}
rPois    .         Reflect  .   G - +0 helmet
rElec    +         Harm     .   o - +2 cloak
rCorr    .         Rampage  .   d - +0 pair of gloves
Will     .....                  (boots unavailable)
Stlth    ..........             (no amulet)
HPRegen  0.22/turn              E - ring of protection from fire
MPRegen  0.12/turn              J - ring of wizardry

@: mighty, agile, hasted, very quick
A: hooves 3, powered by pain 1, magic shield
a: Renounce Religion, Evoke Blink, Potion Petition, Call Merchant, Bribe Branch


You were on level 8 of the Dungeon.
You worshipped Gozag.
Gozag was most pleased with you.
You visited 2 branches of the dungeon, and saw 10 of its levels.
You also visited: Bailey.

You collected 1293 gold pieces.
You paid 73 gold pieces to Gozag.

Inventory:

Hand Weapons
 a - a +0 long sword
 f - a +4 short sword (weapon)
 F - a +0 scimitar
Armour
 b - the +2 robe of Purpose {MP+9 Dex+3 Slay+3}
   (You found it on level 6 of the Dungeon)

   It affects your dexterity (+3).
   It affects your accuracy and damage with ranged weapons and melee attacks
   (+3).
   It affects your magic capacity (+9).
 c - a +0 kite shield (worn)
 d - a +0 pair of gloves (worn)
 o - a +2 cloak (worn)
 z - the +10 chain mail "Himury" (worn) {+Blink rElec rF+ Str-2}
   (You found it on level 5 of the Dungeon)

   It affects your strength (-2).
   It protects you from fire.
   It insulates you from electricity.
   It lets you blink.
 G - a +0 helmet (worn)
 H - a +2 chain mail of cold resistance
Jewellery
 B - an uncursed ring of fire
 E - a ring of protection from fire (left hand)
 J - a ring of wizardry (right hand)
Wands
 k - a wand of random effects (14)
 r - a wand of flame (40)
 C - a wand of disintegration (13)
Scrolls
 h - a scroll of immolation {unknown}
 j - 3 scrolls of identify
 m - 4 scrolls of teleportation
 n - 5 scrolls of remove curse
 q - a scroll of enchant armour
 u - 2 scrolls of amnesia
 w - a scroll of noise {unknown}
 y - a scroll of fog {unknown}
 D - a scroll of holy word {unknown}
Potions
 e - a potion of resistance {unknown}
 g - a potion of magic {unknown}
 p - a potion of attraction {unknown}
 s - a potion of mutation {unknown}
 t - 4 potions of curing
 x - a potion of lignification
 A - a potion of invisibility
 I - a potion of berserk rage {unknown}
 K - a potion of degeneration {unknown}


   Skills:
 + Level 6.5 Fighting
 - Level 0.5(3.6) Short Blades
 * Level 5.8 Long Blades
 + Level 6.9 Armour
 + Level 3.2 Dodging
 + Level 1.5 Stealth
 + Level 7.3 Shields
 * Level 5.3 Unarmed Combat


You had 9 spell levels left.
You didn't know any spells.
Your spell library contained the following spells:

 Spells                   Type           Power        Failure   Level
 Corona                   Hex            0%           99%         1
 Corpse Rot               Necr/Air       N/A          99%         2
 Ensorcelled Hibernation  Hex/Ice        0%           99%         2
 Confusing Touch          Hex            0%           100%        3
 Dazzling Flash           Conj/Hex       0%           100%        3
 Tukima's Dance           Hex            0%           100%        3


Dungeon Overview and Level Annotations

Branches:
Dungeon (9/15)             Temple (1/1) D:4          Bailey (visited)
   Lair: D:8-11         Orc: D:9-12

Altars:
Ashenzari
Cheibriados
Dithmenos
Elyvilon
Fedhas
Gozag
Hepliaklqana
Makhleb
Nemelex Xobeh
Okawaru
Qazlal
Ru
Sif Muna
Trog
Uskayaw
Vehumet
Wu Jian
Xom
Yredelemnul
Zin
The Shining One
Lugonu


Innate Abilities, Weirdness & Mutations

You have hooves in place of feet.
You sometimes gain a little power by taking damage.
When hurt, damage is shared between your health and your magic reserves.


Message History

You feel yourself speed up. The white ugly thing claws you.
* * * LOW HITPOINT WARNING * * *
The white ugly thing freezes you!
* * * LOW HITPOINT WARNING * * *
You focus on the pain.
You feel agile all of a sudden.
As you read the scroll of fear, it crumbles to dust.
You assume a fearsome visage.
The white ugly thing looks frightened!
You puncture the white ugly thing!
Your attack snaps the white ugly thing out of its fear.
You kick the white ugly thing!
The white ugly thing is moderately wounded.
The white ugly thing barely misses you.
You hit the white ugly thing. You kick the white ugly thing!
The white ugly thing is heavily wounded.
The white ugly thing claws you.
* * * LOW HITPOINT WARNING * * *
The white ugly thing freezes you!!
You die...
Your body crumbles into a pile of gold.

##### #...# #.#.# #########
#.#.######......(####
#########.......##..).......#
#.......#.......##.._....##.. #
#.#####.#..?@u..##..♣....#..# #
#.# #.#.......##.......#.## #
#.#####.###'##...........#.# #
#.##....#.#.######.(.....#.## #
#.##....#......# #(.≈≈...#...
#.##....#.#....# #.≈≈≈≈≈.#...
#####.##....#.########.≈≈≈≈≈.#...
...#...'^..((......#.#≈≈≈≈≈≈≈#...
##.#####....#§####.#.#########...


You could see a white ugly thing.

Vanquished Creatures
  Harold (D:6)
  A two-headed ogre (D:9)
  Menkaure (D:6)
  Duvessa (D:6)
  A sky beast (D:7)
  5 orc warriors
  3 ogres
  3 centaurs
  9 bullfrogs
  Dowan (D:6)
  2 scorpions
  8 wights (D:6)
  2 howler monkeys (D:6)
  A crimson imp (D:4)
  A centaur zombie (D:7)
  A bullfrog zombie (D:9)
  A hound (D:7)
  6 orc wizards
  2 centaur skeletons
  5 orc priests
  An iguana (D:4)
  8 worker ants
  Ijyb (D:3)
  A hound skeleton (D:7)
  A worker ant zombie (D:5)
  7 adders
  3 shadow imps
  A white imp (D:5)
  2 oozes
  2 adder zombies
  4 worms
  4 dart slugs
  5 leopard geckos
  37 orcs
  4 ball pythons
  4 giant cockroaches
  9 goblins
  12 hobgoblins
  22 jackals
  2 quokkas
  8 bats
  7 frilled lizards
  4 kobolds
  A leopard gecko zombie (D:6)
  4 rats
209 creatures vanquished.

Vanquished Creatures (others)
  3 plants (D:9)
3 creatures vanquished.

Grand Total: 212 creatures vanquished

Notes
Turn   | Place    | Note
-------+----------+-------------------------------------------
     0 | D:1      | BOMJPIETVODKU the Demonspawn Fighter began the quest for
                  | the Orb.
     0 | D:1      | Reached XP level 1. HP: 18/18 MP: 1/1
   136 | D:1      | Gained mutation: You sometimes gain a little power by
                  | taking damage. [demonic ancestry]
   136 | D:1      | Reached XP level 2. HP: 24/24 MP: 2/2
   741 | D:2      | Found a stormy altar of Qazlal.
   748 | D:2      | Gained mutation: You have large cloven feet. [demonic
                  | ancestry]
   748 | D:2      | Reached XP level 3. HP: 28/29 MP: 3/3
   831 | D:2      | Reached skill level 3 in Shields
  1506 | D:3      | Gained mutation: When hurt, damage is shared between your
                  | health and your magic reserves. [demonic ancestry]
  1506 | D:3      | Reached XP level 4. HP: 29/35 MP: 4/4
  1700 | D:3      | Noticed Ijyb
  1717 | D:3      | Killed Ijyb
  1718 | D:3      | Reached skill level 1 in Unarmed Combat
  1990 | D:3      | Found a faded altar of an unknown god.
  2037 | D:3      | Reached XP level 5. HP: 38/41 MP: 5/5
  2268 | D:3      | Reached skill level 1 in Dodging
  2854 | D:4      | Noticed an ogre
  2863 | D:4      | Killed an ogre
  2864 | D:4      | Reached XP level 6. HP: 37/48 MP: 4/6
  2937 | D:4      | Found a staircase to the Ecumenical Temple.
  2951 | Temple   | Entered the Ecumenical Temple
  2974 | Temple   | Became a worshipper of Gozag Ym Sagoz the Greedy
  3383 | D:4      | Reached skill level 4 in Shields
  3722 | D:4      | Found a sparkling altar of Nemelex Xobeh.
  3816 | D:4      | Noticed an orc warrior
  3817 | D:4      | Found a bloodstained altar of Trog.
  3829 | D:4      | Killed an orc warrior
  3830 | D:4      | Gained mutation: You have hoof-like feet. [demonic
                  | ancestry]
  3830 | D:4      | Reached XP level 7. HP: 24/54 MP: 3/7
  4002 | D:4      | Found a shimmering blue altar of Sif Muna.
  4005 | D:4      | Identified Sif Muna's Volume of Black Arts
  4134 | D:4      | Found a shimmering altar of Xom.
  4134 | D:4      | Found a burning altar of Makhleb.
  4263 | D:5      | Entered Level 5 of the Dungeon
  4301 | D:5      | Found a radiant altar of Vehumet.
  4301 | D:5      | Found a blossoming altar of Fedhas.
  4301 | D:5      | Found a white marble altar of Elyvilon.
  4338 | D:5      | Got an ichor-stained chain mail
  4349 | D:5      | Identified the +10 chain mail "Himury" {+Blink rElec rF+
                  | Str-2} (You found it on level 5 of the Dungeon)
  4923 | D:5      | Reached skill level 1 in Stealth
  5076 | D:5      | Found a sacrificial altar of Ru.
  5412 | D:6      | Noticed Duvessa
  5412 | D:6      | Noticed Dowan
  5430 | D:6      | Killed Duvessa
  5433 | D:6      | Killed Dowan
  5438 | D:6      | Gained mutation: You have hooves in place of feet. [demonic
                  | ancestry]
  5438 | D:6      | Reached XP level 8. HP: 46/61 MP: 8/8
  5583 | D:6      | Reached skill level 5 in Armour
  5639 | D:6      | Noticed Menkaure
  5655 | D:6      | Killed Menkaure
  5662 | D:6      | Reached skill level 5 in Fighting
  5671 | D:6      | Reached skill level 5 in Shields
  5986 | D:6      | Found a shimmering altar of Xom.
  6221 | D:6      | Got a warped robe
  6232 | D:6      | Identified the +2 robe of Purpose {MP+9 Dex+3 Slay+3} (You
                  | found it on level 6 of the Dungeon)
  6383 | D:6      | Found an iron altar of Okawaru.
  6816 | D:7      | Noticed Harold
  6894 | D:6      | Killed Harold
  6895 | D:6      | Reached skill level 5 in Long Blades
  6895 | D:6      | Reached skill level 6 in Shields
  6895 | D:6      | Reached XP level 9. HP: 33/69 MP: 7/9
  7233 | D:7      | Found a sparkling altar of Nemelex Xobeh.
  7317 | D:7      | Found a glowing silver altar of Zin.
  8186 | D:8      | Reached skill level 5 in Unarmed Combat
  8211 | D:8      | Found a flagged portal.
  8226 | Bailey   | Entered a bailey
  8226 | Bailey   | Noticed an orc knight
  8227 | Bailey   | Noticed an orc knight
  8232 | Bailey   | Noticed an orc knight
  8481 | D:8      | Found an ornate altar of the Wu Jian Council.
  8793 | D:8      | Found a glowing golden altar of the Shining One.
  8832 | D:8      | Reached XP level 10. HP: 33/77 MP: 4/10
  9047 | D:8      | Found a hazy altar of Hepliaklqana.
  9315 | D:9      | Reached skill level 7 in Shields
  9421 | D:9      | Noticed a two-headed ogre
  9429 | D:9      | Killed a two-headed ogre
  9553 | D:9      | Noticed a white ugly thing
  9554 | D:9      | Noticed a deep elf archer
  9557 | D:9      | Noticed a six-headed hydra
  9890 | D:8      | Demolished by a white ugly thing

Illustrated notes

Levels and vault maps discovered:
D:1:      dpeg_arrival_pits, layout_basic, roderic_nine_men_s_morris,
          minmay_misc_feat_hallway, minmay_hexomino_u4
D:2:      layout_loops_ring, grunt_qazlal_sundering
D:3:      layout_loops_cross, chequers_ecumenical_altar_twisty, uniq_ijyb
D:4:      layout_basic, grunt_temple_overflow_champion_of_chaos,
          nzn_overflow_gifts_of_might_and_magic, minmay_temple_entry_junction_2,
          nemelex_diamond_rough_becter
D:5:      layout_basic, nicolae_ru_path_of_blood,
          chequers_temple_overflow_statue_of_worship
D:6:      layout_basic, okawaru_ov_weapons_minmay, xom_teletrap_fun,
          uniq_duvessa, uniq_menkaure
D:7:      layout_basic, kennysheep_little_box, nemelex_dance_club_becter,
          uniq_harold
D:8:      layout_basic, nzn_wu_jian_contemplation, old_standard_altar,
          lemuel_round_altar, enter_bailey_3, minmay_misc_feat_chi
D:9:      nzn_winding_woodlands_cross [nzn_winding_woodlands_5x15_split_checker,
          nzn_winding_woodlands_5x15_garden, nzn_winding_woodlands_5x15_eye,
          nzn_winding_woodlands_5x15_parted,
          nzn_winding_woodlands_15x15_thick_spiral], layout_basic,
          lemuel_zombie_altar_kikubaaqudgha, lemuel_coloured_pillars_altar,
          serial_shops, shop
Temple:   corrupted_temple

Skill      XL: |  1  2  3  4  5  6  7  8  9 10 |
---------------+-------------------------------+-----
Long Blades    | 2 3 5 |  5.8
Armour         | 3 4 6 |  6.9
Shields        | 3 4 6 7 |  7.3
Unarmed Combat | 1 2 4 5 |  5.3
Dodging        | 1 2 3 |  3.2
Fighting       | 4 5 6 |  6.5
Stealth        | 1 |  1.5
Short Blades   | |  0.5

Action                   |  1- 3 |  4- 6 |  7- 9 | 10-12 || total
-------------------------+-------+-------+-------+-------++-------
Melee: Short sword       |    92 |   194 |   502 |    72 ||   860
       Long sword        |     2 |       |       |       ||     2
       Kick              |    12 |    52 |   147 |    35 ||   246
Evoke: Wand              |       |       |       |     5 ||     5
  Use: Potion            |       |       |     8 |     2 ||    10
       Scroll            |       |       |     7 |     2 ||     9
 Stab: Distracted        |       |       |     1 |       ||     1
Armor: Scale mail        |    46 |    68 |     6 |       ||   120
       Chain mail        |       |       |   279 |    66 ||   345
       Skin              |       |       |     1 |       ||     1
Dodge: Dodged            |    23 |    52 |   122 |    19 ||   216
Block: Kite shield       |    45 |    82 |   229 |    46 ||   402
